3L
CAPITAL DISTRICT RED KNIGHTS @ ROCKY MOUNTAIN NUGGETS
09/16/2023
 
TOP OF THE 1ST
Capital District Red Knights batting - Pitching for Rocky Mountain Nuggets : LHP Alfonso Zapata
Pitching: LHP Alfonso Zapata
Batting: RHB Shawn Hicks 0-0: Swinging Strike
0-1: Bunted foul
0-2: Ball
1-2: Foul Ball, location: 2F
1-2: Fly out, F8 (Popup, 8RS)
Batting: RHB Louis Henderson 0-0: Called Strike
0-1: Ball
1-1: Foul Ball, location: 2F
1-2: Foul Ball, location: 2F
1-2: Strikes out swinging
Batting: RHB Tom Christensen 0-0: Foul Ball, location: 2F
0-1: Called Strike
0-2: Strikes out looking
Top of the 1st over - 0 run(s), 0 hit(s), 0 error(s), 0 left on base; Capital District 0 - Rocky Mountain 0
BOTTOM OF THE 1ST
Rocky Mountain Nuggets batting - Pitching for Capital District Red Knights : RHP Héctor Alarcon
Pitching: RHP Héctor Alarcon
Batting: RHB Mark Melton 0-0: Ball
1-0: SINGLE (Line Drive, 6M)
Batting: RHB Iván Vega 0-0: Called Strike
0-1: Ball
1-1: SINGLE (Line Drive, 8LS)
Mark Melton to second
Batting: LHB Juan Ríos 0-0: Swinging Strike
0-1: Ball
1-1: Ball
2-1: Ball
3-1: Fielders Choice at 2nd, 1-6 (Groundball, 13S)
Mark Melton to third
Batting: RHB David Verhoeve 0-0: Ball
1-0: Called Strike
1-1: Ball
2-1: Fly out, F7 (Line Drive, 78S)
Batting: LHB Randy Bowen 0-0: Foul Ball, location: 2F
0-1: Ball
1-1: SINGLE (Flyball, 8RS)
Mark Melton scores
Juan Ríos to second
Runner from 2nd tries for 3rd, SAFE, no throw or cutoff
Batting: LHB Javier Sánchez 0-0: Ball
1-0: Called Strike
1-1: Called Strike
1-2: Strikes out swinging
Bottom of the 1st over - 1 run(s), 3 hit(s), 0 error(s), 2 left on base; Capital District 0 - Rocky Mountain 1
TOP OF THE 2ND
Capital District Red Knights batting - Pitching for Rocky Mountain Nuggets : LHP Alfonso Zapata
Batting: RHB Jason Weston 0-0: SINGLE (Flyball, 8LS)
Batting: RHB Barry Dempsey 0-0: Ball
1-0: Ball
2-0: Ball
3-0: Base on Balls
Jason Weston to second
Batting: RHB Manny Carbajal 0-0: Ball
1-0: Ball
2-0: Grounds into double play, 4-6-3 (Groundball, 4)
Jason Weston to third
Batting: LHB Arturo Hernández 0-0: Ball
1-0: SINGLE (Groundball, 56D)
Jason Weston scores
Batting: RHB Martin Young 0-0: Called Strike
0-1: Swinging Strike
0-2: Strikes out swinging
Top of the 2nd over - 1 run(s), 2 hit(s), 0 error(s), 1 left on base; Capital District 1 - Rocky Mountain 1
BOTTOM OF THE 2ND
Rocky Mountain Nuggets batting - Pitching for Capital District Red Knights : RHP Héctor Alarcon
Batting: RHB Michael Riley 0-0: Ball
1-0: Swinging Strike
1-1: Ball
2-1: Ground out 1-3 (Groundball, 13)
Batting: SHB Jorge Colomo 0-0: Called Strike
0-1: Swinging Strike
0-2: Ball
1-2: Ball
2-2: SINGLE (Line Drive, 4M)
Batting: RHB Juan Ávila 0-0: Ball
1-0: Fly out, F7 (Flyball, 78XD)
Batting: RHB Mark Melton 0-0: Fielders Choice at 2nd, 5-4 (Groundball, 5)
Bottom of the 2nd over - 0 run(s), 1 hit(s), 0 error(s), 0 left on base; Capital District 1 - Rocky Mountain 1
TOP OF THE 3RD
Capital District Red Knights batting - Pitching for Rocky Mountain Nuggets : LHP Alfonso Zapata
Batting: RHB Chang-bum Pak 0-0: Called Strike
0-1: Called Strike
0-2: Ball
1-2: Strikes out swinging
Batting: RHB Shawn Hicks 0-0: Ground out 6-3 (Groundball, 6)
Batting: RHB Louis Henderson 0-0: Called Strike
0-1: Ball
1-1: Ground out 6-3 (Groundball, 6)
Top of the 3rd over - 0 run(s), 0 hit(s), 0 error(s), 0 left on base; Capital District 1 - Rocky Mountain 1
BOTTOM OF THE 3RD
Rocky Mountain Nuggets batting - Pitching for Capital District Red Knights : RHP Héctor Alarcon
Batting: RHB Iván Vega 0-0: Ball
1-0: Called Strike
1-1: Ball
2-1: Foul Ball, location: 2F
2-2: Fly out, F8 (Flyball, 8LM)
Batting: LHB Juan Ríos 0-0: Ball
1-0: Called Strike
1-1: Ball
2-1: Fly out, F4 (Popup, 34D)
Batting: RHB David Verhoeve 0-0: Foul Ball, location: 2F
0-1: Foul Ball, location: 2F
0-2: Foul Ball, location: 2F
0-2: Fly out, F8 (Flyball, 8LD)
Bottom of the 3rd over - 0 run(s), 0 hit(s), 0 error(s), 0 left on base; Capital District 1 - Rocky Mountain 1
TOP OF THE 4TH
Capital District Red Knights batting - Pitching for Rocky Mountain Nuggets : LHP Alfonso Zapata
Batting: RHB Tom Christensen 0-0: Swinging Strike
0-1: Ground out 4-3 (Groundball, 4M)
Batting: RHB Jason Weston 0-0: Called Strike
0-1: Ball
1-1: Foul Ball, location: 2F
1-2: Ball
2-2: Strikes out swinging
Batting: RHB Barry Dempsey 0-0: Ball
1-0: Ball
2-0: Ball
3-0: Base on Balls
Batting: RHB Manny Carbajal 0-0: Ball
1-0: Ball
2-0: Ball
3-0: Called Strike
3-1: Fly out, F2 (Popup, 2L)
Top of the 4th over - 0 run(s), 0 hit(s), 0 error(s), 1 left on base; Capital District 1 - Rocky Mountain 1
BOTTOM OF THE 4TH
Rocky Mountain Nuggets batting - Pitching for Capital District Red Knights : RHP Héctor Alarcon
Batting: LHB Randy Bowen 0-0: Ball
1-0: Ball
2-0: Fly out, F1 (Line Drive, 13)
Batting: LHB Javier Sánchez 0-0: Swinging Strike
0-1: Swinging Strike
0-2: Foul Ball, location: 2F
0-2: Ball
1-2: Foul Ball, location: 2F
1-2: Ball
2-2: Ball
3-2: Strikes out swinging
Batting: RHB Michael Riley 0-0: Called Strike
0-1: Called Strike
0-2: Ground out 6-3 (Groundball, 6M)
Bottom of the 4th over - 0 run(s), 0 hit(s), 0 error(s), 0 left on base; Capital District 1 - Rocky Mountain 1
TOP OF THE 5TH
Capital District Red Knights batting - Pitching for Rocky Mountain Nuggets : LHP Alfonso Zapata
Batting: LHB Arturo Hernández 0-0: SINGLE (Groundball, 34D)
Batting: RHB Martin Young 0-0: Ball
1-0: Ball
2-0: Sac Bunt - play at first, batter OUT! 1-4
Arturo Hernández to second
Batting: RHB Chang-bum Pak 0-0: Called Strike
0-1: Called Strike
0-2: Ground out 6-3 (Groundball, 6MD)
Arturo Hernández to third
Batting: RHB Shawn Hicks 0-0: Called Strike
0-1: Ground out 5-3 (Groundball, 5)
Top of the 5th over - 0 run(s), 1 hit(s), 0 error(s), 1 left on base; Capital District 1 - Rocky Mountain 1
BOTTOM OF THE 5TH
Rocky Mountain Nuggets batting - Pitching for Capital District Red Knights : RHP Héctor Alarcon
Batting: SHB Jorge Colomo 0-0: Ball
1-0: Ball
2-0: Called Strike
2-1: Ball
3-1: Base on Balls
Batting: RHB Juan Ávila 0-0: Called Strike
0-1: Ball
1-1: DOUBLE (Line Drive, 7LM)
Jorge Colomo to third
Batting: RHB Mark Melton 0-0: Ball
1-0: Ball
2-0: Ball
3-0: Base on Balls
Batting: RHB Iván Vega 0-0: Ball
1-0: Fly out, F8 (Flyball, 78XD)
Runner from 3rd tags up, SCORES, no throw
Batting: LHB Juan Ríos 0-0: Called Strike
0-1: Ball
1-1: Foul Ball, location: 2F
1-2: Foul Ball, location: 2F
1-2: Foul Ball, location: 2F
1-2: Fielders Choice at 2nd, 4-6 (Groundball, 4)
Juan Ávila to third
Batting: RHB David Verhoeve 0-0: Ground out 6-3 (Groundball, 56)
Bottom of the 5th over - 1 run(s), 1 hit(s), 0 error(s), 2 left on base; Capital District 1 - Rocky Mountain 2
TOP OF THE 6TH
Capital District Red Knights batting - Pitching for Rocky Mountain Nuggets : LHP Alfonso Zapata
Batting: RHB Louis Henderson 0-0: Called Strike
0-1: Ball
1-1: Foul Ball, location: 2F
1-2: Strikes out swinging
Batting: RHB Tom Christensen 0-0: Foul Ball, location: 2F
0-1: Foul Ball, location: 2F
0-2: Ground out 1-3 (Groundball, 23)
Batting: RHB Jason Weston 0-0: Called Strike
0-1: Ball
1-1: Swinging Strike
1-2: Ball
2-2: Strikes out swinging
Top of the 6th over - 0 run(s), 0 hit(s), 0 error(s), 0 left on base; Capital District 1 - Rocky Mountain 2
BOTTOM OF THE 6TH
Rocky Mountain Nuggets batting - Pitching for Capital District Red Knights : RHP Héctor Alarcon
Batting: LHB Randy Bowen 0-0: Ball
1-0: Called Strike
1-1: Foul Ball, location: 2F
1-2: Ball
2-2: Fly out, F7 (Flyball, 7LMF)
Batting: LHB Javier Sánchez 0-0: Called Strike
0-1: Ground out U3 (Groundball, 3L)
Batting: RHB Michael Riley 0-0: Swinging Strike
0-1: Foul Ball, location: 2F
0-2: Ball
1-2: Foul Ball, location: 2F
1-2: Strikes out swinging
Bottom of the 6th over - 0 run(s), 0 hit(s), 0 error(s), 0 left on base; Capital District 1 - Rocky Mountain 2
TOP OF THE 7TH
Capital District Red Knights batting - Pitching for Rocky Mountain Nuggets : LHP Alfonso Zapata
Batting: RHB Barry Dempsey 0-0: Ball
1-0: Ball
2-0: Called Strike
2-1: Foul Ball, location: 2F
2-2: Ball
3-2: Ground out 6-3 (Groundball, 56)
Batting: RHB Manny Carbajal 0-0: Ball
1-0: Foul Ball, location: 2F
1-1: Foul Ball, location: 2F
1-2: Foul Ball, location: 2F
1-2: Ball
2-2: Fly out, F7 (Flyball, 7M)
Batting: LHB Arturo Hernández 0-0: SINGLE (Groundball, 4MD)
Batting: RHB Martin Young 0-0: Ball
Arturo Hernández steals 2nd base
1-0: Ball
2-0: Called Strike
2-1: Ball
3-1: Fly out, F9 (Flyball, 9D)
Top of the 7th over - 0 run(s), 1 hit(s), 0 error(s), 1 left on base; Capital District 1 - Rocky Mountain 2
BOTTOM OF THE 7TH
Rocky Mountain Nuggets batting - Pitching for Capital District Red Knights : RHP Héctor Alarcon
Batting: SHB Jorge Colomo 0-0: Ball
1-0: DOUBLE (Line Drive, 89M)
Batting: RHB Juan Ávila 0-0: Bunt missed!
0-1: Bunted foul
0-2: Ball
1-2: Ball
2-2: Foul Ball, location: 2F
2-2: Ball
3-2: Ground out 5-3 (Groundball, 56)
Batting: RHB Mark Melton 0-0: Ball
1-0: Swinging Strike
1-1: Called Strike
1-2: Ball
2-2: Ground out 5-3 (Groundball, 5)
Batting: RHB Iván Vega 0-0: Ball
1-0: Ball
2-0: Ball
3-0: Swinging Strike
3-1: Base on Balls
Batting: LHB Juan Ríos 0-0: Ball
1-0: Ball
2-0: Called Strike
2-1: Ground out 4-3 (Groundball, 4)
Bottom of the 7th over - 0 run(s), 1 hit(s), 0 error(s), 2 left on base; Capital District 1 - Rocky Mountain 2
TOP OF THE 8TH
Capital District Red Knights batting - Pitching for Rocky Mountain Nuggets : LHP Alfonso Zapata
Batting: RHB Chang-bum Pak 0-0: Ball
1-0: Ground out 5-3 (Groundball, 5S)
Batting: RHB Shawn Hicks 0-0: Called Strike
0-1: Ball
1-1: Ball
2-1: Called Strike
2-2: Fly out, F7 (Line Drive, 78D)
Batting: RHB Louis Henderson 0-0: Foul Ball, location: 2F
0-1: Called Strike
0-2: Ground out U3 (Groundball, 3S)
Top of the 8th over - 0 run(s), 0 hit(s), 0 error(s), 0 left on base; Capital District 1 - Rocky Mountain 2
BOTTOM OF THE 8TH
Rocky Mountain Nuggets batting - Pitching for Capital District Red Knights : RHP Héctor Alarcon
Pitching: RHP Reynaldo Díaz
Batting: RHB David Verhoeve 0-0: Ball
1-0: Ball
2-0: Ball
3-0: Foul Ball, location: 2F
3-1: Base on Balls
Batting: LHB Randy Bowen 0-0: Grounds into double play, 4-6-3 (Groundball, 4)
Batting: LHB Javier Sánchez 0-0: Ball
1-0: Foul Ball, location: 2F
1-1: DOUBLE (Flyball, 89D)
Batting: RHB Michael Riley 0-0: Ball
1-0: Called Strike
1-1: 2-RUN HOME RUN (Line Drive, 78XD), Distance : 434 ft
Batting: SHB Jorge Colomo 0-0: Ball
1-0: Ball
2-0: Foul Ball, location: 2F
2-1: Called Strike
2-2: Ball
3-2: Ground out 1-3 (Groundball, 13S)
Bottom of the 8th over - 2 run(s), 2 hit(s), 0 error(s), 0 left on base; Capital District 1 - Rocky Mountain 4
TOP OF THE 9TH
Capital District Red Knights batting - Pitching for Rocky Mountain Nuggets : LHP Alfonso Zapata
Batting: RHB Tom Christensen 0-0: Called Strike
0-1: Called Strike
0-2: Ball
1-2: DOUBLE (Line Drive, 8LM)
Pitching: RHP Kenny Powers
Batting: RHB Jason Weston 0-0: Foul Ball, location: 2F
0-1: Swinging Strike
0-2: Ball
Wild Pitch!
Tom Christensen to third
1-2: Fly out, F6 (Popup, 4M)
Batting: RHB Barry Dempsey 0-0: Ball
1-0: Foul Ball, location: 2F
1-1: Fly out, F7 (Flyball, 7D)
Runner from 3rd tags up, SCORES, no throw
Batting: RHB Manny Carbajal 0-0: Foul Ball, location: 2F
0-1: Ground out 6-3 (Groundball, 6M)
Top of the 9th over - 1 run(s), 1 hit(s), 0 error(s), 0 left on base; Capital District 2 - Rocky Mountain 4
This league is powered by Out of the Park Baseball, the baseball management simulation game for PC, Mac and Linux
Friday, July 8th, 2016 - OOTP Baseball 16.9 Build 39